 Dungeon Crawl Stone Soup version 0.29-a0-541-gaf1fc19f1b (webtiles) character file.

Game seed: 11723756207977455296

9583 oldriver the Archer (level 11, 0/93 HPs)
             Began as a Palentonga Wanderer on June 3, 2022.
             Was a Priest of Okawaru.
             Slain by a hornet (8 damage)
             ... on level 10 of the Dungeon.
             The game lasted 00:23:19 (14219 turns).

oldriver the Archer (Palentonga Wanderer)          Turns: 14219, Time: 00:23:19

Health: 0/93       AC: 23    Str: 19    XL:     11   Next: 24%
Magic:  14/14      EV:  9    Int: 11    God:    Okawaru [***...]
Gold:   632        SH:  0    Dex: 15    Spells: 12/12 levels left

rFire   + . .      SeeInvis +   b - +4 war axe (freeze)
rCold   + . .      Faith    +   (no shield)
rNeg    . . .      Spirit   .   q - +2 scale mail {rF+}
rPois   +          Reflect  .   (no helmet)
rElec   .          Harm     .   J - +0 cloak
rCorr   .          Rampage  .   H - +1 pair of gloves
Will    .....                   (no barding)
Stlth   +.........              p - amulet of Balance {Faith +Blink rC+ Dex+3}
HPRegen 0.25/turn               M - ring of poison resistance
MPRegen 0.14/turn               z - +4 ring of protection

@: lethally poisoned (0 -> -2), curled up
A: large, rugged brown scales 3, see invisible, deformed body, roll 1, armoured
tail, reflexive curl
a: Rolling Charge, Renounce Religion, Evoke Blink, Heroism


You were on level 10 of the Dungeon.
You worshipped Okawaru.
Okawaru was most pleased with you.
You visited 2 branches of the dungeon, and saw 11 of its levels.
You also visited: Ossuary and Bailey.

You collected 632 gold pieces.

Inventory:

Hand Weapons
 a - a +6 shortbow
 b - a +4 war axe of freezing (weapon)
 D - a +4 whip
Missiles
 c - 32 poisoned darts
 w - 23 atropa-tipped darts
Armour
 q - a +2 scale mail of fire resistance (worn)
 x - a +0 kite shield
 H - a +1 pair of gloves (worn)
 J - a +0 cloak (worn)
Jewellery
 f - a ring of protection from fire
 j - an amulet of guardian spirit
 l - a ring of wizardry
 p - the amulet of Balance (around neck) {Faith +Blink rC+ Dex+3}
   (You found it on level 2 of the Dungeon)

   [amulet of faith]

   It allows you to gain divine favour quickly.
   Dex:       It affects your dexterity (+3).
   rC:        It protects you from cold.
   +Blink:    It lets you blink.
 r - a ring of protection from fire
 z - a +4 ring of protection (right hand)
 I - the ring "Buplauhi" {rN+ Int+4}
   (You found it in a bailey)

   [ring of positive energy]

   Int:       It affects your intelligence (+4).
   rN:        It protects you from negative energy.
 M - a ring of poison resistance (left hand)
Wands
 s - a wand of iceblast (14)
 t - a wand of flame (73)
 C - a wand of acid (8)
 K - a wand of mindburst (15)
 L - a wand of digging (2)
Scrolls
 i - a scroll of noise
 m - a scroll of immolation
 o - a scroll of fog
 y - 2 scrolls of vulnerability
 A - a scroll of blinking
 B - a scroll of amnesia
 N - a scroll of enchant weapon
 O - a scroll of teleportation
 Q - 3 scrolls of identify
Potions
 d - 2 potions of haste
 e - a potion of flight {unknown}
 g - 4 potions of resistance
 h - a potion of berserk rage
 k - a potion of ambrosia
 n - 2 potions of lignification
 u - 2 potions of mutation {unknown}
 v - a potion of brilliance
 E - a potion of degeneration
 G - 2 potions of attraction


   Skills:
 - Level 8.3 Fighting
 + Level 3.5(4.1) Axes
 - Level 3.0(3.8) Maces & Flails
 - Level 10.0 Bows
 - Level 5.0 Armour
 - Level 5.0 Dodging
 - Level 2.0 Stealth
 - Level 3.0 Unarmed Combat
 - Level 1.0 Spellcasting
 + Level 4.0 Invocations


You had 12 spell levels left.
You didn't know any spells.
Your spell library contained the following spells:

 Spells                   Type           Power      Damage    Failure   Level
 Shock                    Conj/Air       0%         1d3       65%         1
 Ensorcelled Hibernation  Hex/Ice        0%         N/A       80%         2
 Dazzling Flash           Conj/Hex       0%         N/A       95%         3
 Mephitic Cloud           Conj/Pois/Air  0%         N/A       95%         3
 Spider Form              Tmut/Pois      0%         N/A       95%         3
 Anguish                  Hex/Necr       0%         N/A       100%        4
 Cause Fear               Hex            0%         N/A       100%        4
 Flame Wave               Conj/Fire      0%         2d4       100%        4
 Iskenderun's Mystic Bla  Conj/Tloc      0%         2d3       100%        4
 Fireball                 Conj/Fire      0%         3d3       100%        5
 Freezing Cloud           Conj/Ice/Air   0%         6-21      100%        5
 Starburst                Conj/Fire      0%         6d3       100%        6
 Dragon Form              Tmut           0%         N/A       100%        7
 Dragon's Call            Summ           Unusable   N/A       N/A         9

Dungeon Overview and Level Annotations

Branches:
Dungeon (10/15)            Temple (1/1) D:6         Ossuary (visited)
 Bailey (visited)
   Lair: D:8-11         Orc: D:9-12

Altars:
Ashenzari
Dithmenos
Elyvilon
Fedhas
Gozag
Hepliaklqana
Okawaru
Qazlal
Ru
Sif Muna
Trog
Vehumet
Wu Jian
Xom
Zin
The Shining One

Shops:
D:3 :

Annotations:
D:3 1 runed translucent door, Crazy Yiuf
D:6 exclusion: oklob plant


Innate Abilities, Weirdness & Mutations

You are completely covered in rugged brown scales. (AC +3, +7% HP)
You have supernaturally acute eyesight. (SInv)
Armour fits poorly on your strangely shaped body.
You can roll at nearby foes to attack.
You have a long armoured tail.
You curl defensively after being hit. (AC +7*)


Message History

The hornet is severely wounded.
You feel yourself speed up. The hornet closely misses you.
The hornet stings you.
You are poisoned.
The hornet stings you!
You feel yourself slow down.
You hit the hornet. You freeze the hornet.
The hornet is severely wounded.
You feel very sick.
The hornet stings you but does no damage. x2
The hornet stings you.
You suddenly lose the ability to move!
You can move again.
You barely miss the hornet.
The hornet is severely wounded.
You feel yourself speed up.
You feel sick.
The hornet stings you but does no damage. x2
The hornet stings you!
You are more poisoned.
You miss the hornet. Your punch misses the hornet.
The hornet is severely wounded.
You feel very sick.
The hornet stings you but does no damage. x2
You barely miss the hornet.
The hornet is severely wounded.
You feel sick. The hornet barely misses you.
Unknown command.
You completely miss the hornet.
Your tail-slap misses the hornet.
The hornet is severely wounded.
You feel sick. The hornet closely misses you. The hornet stings you.
* * * LOW HITPOINT WARNING * * *
You hit the hornet. You freeze the hornet.
The hornet is severely wounded.
You feel sick. The hornet stings you!
* * * LOW HITPOINT WARNING * * *
The hornet barely misses you.
Okay, then.
You hit the hornet. You freeze the hornet. You tail-slap the hornet.
The hornet is almost dead.
You feel sick. The hornet stings you!
You die...

##..##...#................#.....
#####...#................#.....
....#................#.....
....+................+.....
##.###.##############'##.###
#####.####..###..###.##.###
#....#..[..#.............
#....'.....#.............
#....#..@..#.............
#....#..y..#.............
#....###'#####...###'#####
####+# #...# ######...###.
.....[#............
.......#............
#####################


You could see a hornet.

Vanquished Creatures
  Erica (D:8)
  An orc knight (Bailey)
  Maurice (D:8)
  A gargoyle (D:10)
  Grinder (D:5)
  2 wraiths
  Grum (D:10)
  A shadow (D:7)
  10 yaks (D:10)
  Edmund (D:5)
  A water moccasin (D:6)
  An ice beast (D:6)
  5 orc warriors
  2 sky beasts
  A hornet zombie (D:9)
  3 ogres (D:5)
  2 black bears (D:5)
  2 wolves (D:10)
  2 phantoms
  6 centaurs
  7 kobold brigands
  3 elf zombies (Ossuary)
  2 scorpions
  4 bullfrogs
  A necrophage (D:9)
  9 wights
  15 killer bees
  A centaur zombie (D:9)
  2 hounds (D:7)
  8 orc priests
  2 human zombies (Ossuary)
  4 jellies
  A gnoll shaman (D:9)
  5 iguanas
  9 orc wizards
  3 mummies
  5 gnolls (D:9)
  5 adders
  An ufetubus (D:7)
  An adder zombie (Ossuary)
  2 worms (D:2)
  4 dart slugs
  29 orcs
  10 ball pythons
  17 endoplasms
  7 giant cockroaches
  10 goblins
  5 hobgoblins
  3 jackals (D:3)
  19 kobolds
  6 quokkas
  6 bats
  A frilled lizard (D:3)
  A goblin zombie (Ossuary)
  14 hobgoblin zombies (Ossuary)
  10 kobold zombies (Ossuary)
  6 orc zombies (Ossuary)
  11 rats
294 creatures vanquished.

Vanquished Creatures (others)
  9 fungi (D:6)
9 creatures vanquished.

Grand Total: 303 creatures vanquished

Notes
Turn   | Place    | Note
-------+----------+-------------------------------------------
     0 | D:1      | oldriver the Palentonga Wanderer began the quest for the
                  | Orb.
     0 | D:1      | oldriver set off with the following items: a +2 shortbow, a
                  | potion of lignification, a +0 pair of gloves, a potion of
                  | haste, a +0 leather armour
     0 | D:1      | Reached XP level 1. HP: 13/13 MP: 2/2
   301 | D:1      | Reached XP level 2. HP: 16/21 MP: 3/3
   434 | D:1      | Reached skill level 1 in Fighting
   512 | D:1      | Got the Incunabulum of the Floating Arsonist
   662 | D:1      | Reached skill level 3 in Bows
  1029 | D:2      | Found a faded altar of an unknown god.
  1061 | D:2      | Reached XP level 3. HP: 14/27 MP: 4/4
  1338 | D:2      | Identified the amulet of Balance {Faith +Blink rC+ Dex+3}
  1697 | D:2      | Reached XP level 4. HP: 35/35 MP: 5/5
  1948 | D:3      | Found Naukkem's Book Boutique.
  2541 | D:3      | Found a runed translucent door.
  2542 | D:3      | Noticed Crazy Yiuf
  3148 | D:4      | Noticed a phantom
  3161 | D:4      | Killed a phantom
  3162 | D:4      | Reached skill level 4 in Bows
  3162 | D:4      | Reached XP level 5. HP: 36/41 MP: 6/6
  3453 | D:4      | Reached XP level 6. HP: 48/50 MP: 7/7
  3506 | D:4      | Reached skill level 5 in Bows
  3789 | D:5      | Entered Level 5 of the Dungeon
  4268 | D:5      | Noticed Edmund
  4284 | D:5      | Killed Edmund
  4285 | D:5      | Gained mutation: You curl defensively after being hit. (AC
                  | +7*) [Palentonga growth]
  4285 | D:5      | Reached XP level 7. HP: 15/57 MP: 8/8
  4537 | D:5      | Reached skill level 1 in Maces & Flails
  4537 | D:5      | Reached skill level 6 in Bows
  4699 | D:5      | Noticed Grinder
  4705 | D:5      | Killed Grinder
  4722 | D:5      | Reached XP level 8. HP: 31/65 MP: 9/9
  4922 | D:5      | Reached skill level 5 in Fighting
  5400 | D:6      | Reached skill level 7 in Bows
  5487 | D:6      | Found a sand-covered staircase.
  5655 | Ossuary  | Entered an ossuary
  5802 | Ossuary  | Reached skill level 1 in Dodging
  5848 | Ossuary  | Reached skill level 1 in Armour
  6707 | D:6      | Reached XP level 9. HP: 61/73 MP: 10/10
  6813 | D:6      | Found a staircase to the Ecumenical Temple.
  6819 | Temple   | Entered the Ecumenical Temple
  7194 | D:6      | Noticed an oklob plant
  7810 | D:6      | Reached skill level 8 in Bows
  9704 | D:8      | Noticed Erica
  9725 | D:8      | Killed Erica
  9726 | D:8      | Reached skill level 9 in Bows
  9726 | D:8      | Reached XP level 10. HP: 58/84 MP: 11/11
  9994 | D:8      | Noticed Maurice
 10003 | D:8      | Killed Maurice
 10117 | D:8      | Found a radiant altar of Vehumet.
 10178 | D:8      | Found an iron altar of Okawaru.
 10397 | D:8      | Found a stormy altar of Qazlal.
 10397 | D:8      | Noticed a two-headed ogre
 10458 | D:8      | Became a worshipper of Warmaster Okawaru
 10978 | D:9      | Reached * piety under Okawaru
 11161 | D:9      | Found a flagged portal.
 11178 | Bailey   | Entered a bailey
 11551 | Bailey   | Identified the ring "Buplauhi" {rN+ Int+4}
 11658 | Bailey   | Noticed an orc knight
 11668 | Bailey   | Killed an orc knight
 11668 | Bailey   | Reached ** piety under Okawaru
 11668 | Bailey   | HP: 4/85 [spore (8)]
 11669 | Bailey   | Reached skill level 10 in Bows
 11681 | Bailey   | Reached skill level 5 in Dodging
 12033 | Bailey   | Found a bloodstained altar of Trog.
 12658 | D:10     | Entered Level 10 of the Dungeon
 12736 | D:10     | Reached skill level 5 in Armour
 12794 | D:10     | HP: 4/85 [killer bee (5)]
 12812 | D:10     | Noticed Grum
 12819 | D:10     | Killed Grum
 12820 | D:10     | Reached skill level 1 in Invocations
 12823 | D:10     | Reached skill level 1 in Axes
 12823 | D:10     | Reached XP level 11. HP: 22/92 MP: 12/12
 13135 | D:10     | Found a shadowy altar of Dithmenos.
 13167 | D:10     | Reached *** piety under Okawaru
 14213 | D:10     | Paralysed by a hornet for 2 turns
 14219 | D:10     | Slain by a hornet

Illustrated notes

Levels and vault maps discovered:
D:1:      dpeg_arrival_central, layout_basic
D:2:      minmay_chambers_of_ones, layout_basic, basic_ecumenical_altar,
          minmay_hexomino_u4
D:3:      layout_basic, serial_shops, nicolae_shop_advertising_works
          [nicolae_subvault_shop_adworks], uniq_crazy_yiuf_cottage
D:4:      layout_loops_ring, hangedman_feature_mirror
D:5:      layout_rooms, uniq_grinder, uniq_edmund
D:6:      lemuel_slime, layout_basic, minmay_temple_entry_waves, enter_ossuary_1
D:7:      layout_basic
D:8:      due_megacathedral, layout_loops_corners,
          nicolae_qazlal_eye_of_the_storm, okawaru_trees_1, lemuel_round_altar,
          minitemple, st_stairs_13, kennysheep_generic_room_16, uniq_maurice,
          uniq_erica
D:9:      layout_rooms, serial_undead, serial_undead_e, serial_undead_b,
          serial_undead_b, serial_undead_e, enter_bailey_5, dk_noncrumbling_2,
          grunt_decor_fettered, minivault_5
D:10:     layout_gridville, nicolae_dithmenos_the_darkroom, uniq_grum
Temple:   minmay_temple_bridge_abc

Skill      XL: |  1  2  3  4  5  6  7  8  9 10 11 |
---------------+----------------------------------+-----
Fighting       | 1 2 3 4 5 7 8 |  8.3
Bows           | 3 4 5 6 7 9 10 | 10.0
Maces & Flails | 2 3 |  3.0
Dodging        | 2 3 5 |  5.0
Armour         | 2 3 5 |  5.0
Invocations    | 1 4 |  4.0
Axes           | 1 3 |  3.5
Stealth        | |  2.0
Unarmed Combat | |  3.0
Spellcasting   | |  1.0

Action                   |  1- 3 |  4- 6 |  7- 9 | 10-12 || total
-------------------------+-------+-------+-------+-------++-------
Melee: Whip              |       |    34 |   111 |   104 ||   249
       Tailslap          |       |     7 |    17 |    36 ||    60
       Punch             |       |     1 |     5 |     6 ||    12
       War axe           |       |       |       |   133 ||   133
 Fire: Shortbow          |    93 |   109 |   325 |   151 ||   678
Invok: Heroism           |       |       |       |     1 ||     1
 Abil: Rolling Charge    |       |       |     1 |    10 ||    11
Evoke: Wand              |       |       |     8 |       ||     8
  Use: Scroll            |       |    12 |     4 |     6 ||    22
       Potion            |       |       |     2 |    11 ||    13
Armor: Leather armour    |    12 |    15 |    65 |       ||    92
       Scale mail        |       |       |    80 |   222 ||   302
Dodge: Dodged            |    10 |    36 |   120 |   197 ||   363

Table legend: (Time is in decaauts)
 A = Elapsed time spent in this place.
 B = Non-inter-level travel time spent in this place.
 C = Inter-level travel time spent in this place.
 D = Time resting spent in this place.
 E = Time spent auto-exploring this place.
 F = Levels seen in this place.
 G = Mean time per level.
                   A        B        C        D        E       F      G
               +--------+--------+--------+--------+--------+-----+--------+
         Total |  14353 |  13841 |    512 |   4518 |   6716 |  13 | 1104.1 |
       Dungeon |  12458 |  11946 |    512 |   3699 |   6187 |  10 | 1245.8 |
        Temple |    219 |    219 |      0 |      0 |    161 |   1 |  219.0 |
       Ossuary |    756 |    756 |      0 |    266 |    220 |   1 |  756.0 |
        Bailey |    918 |    918 |      0 |    553 |    147 |   1 |  918.0 |
               +--------+--------+--------+--------+--------+-----+--------+

Top non-repeatable levels by time:
     D:6: 1952 daAuts
    D:10: 1609 daAuts
     D:7: 1389 daAuts
     D:4: 1330 daAuts
     D:9: 1231 daAuts
     D:3: 1175 daAuts
     D:5: 1055 daAuts
     D:1: 1034 daAuts
  Bailey: 918 daAuts
     D:2: 856 daAuts
     D:8: 823 daAuts
 Ossuary: 756 daAuts
  Temple: 219 daAuts
